 Dungeon Crawl Stone Soup version 0.27-a0-1090-gb115f176c6 (webtiles) character file.

Game seed: 14284803544213214053

354 wakim the Digger (level 6, 0/32 HPs)
             Began as a Gargoyle Earth Elementalist on Apr 27, 2021.
             Was an Initiate of Sif Muna.
             Slain by Edmund
             ... wielding a +0 dire flail of protection
              (11 damage)
             ... on level 3 of the Dungeon.
             The game lasted 00:14:50 (5456 turns).

wakim the Digger (Gargoyle Earth Elementalist)      Turns: 5456, Time: 00:14:51

Health: 0/32       AC:  6    Str: 11    XL:     6   Next: 62%
Magic:  9/9        EV: 10    Int: 18    God:    Sif Muna [......]
Gold:   1068       SH:  8    Dex: 16    Spells: 1/10 levels left

rFire    . . .     SeeInvis .   a - +6 mace (holy)
rCold    . . .     Faith    .   l - +0 kite shield
rNeg     + . .     Spirit   .   c - +0 robe
rPois    ∞         Reflect  .   (no helmet)
rElec    +         Harm     .   (no cloak)
rCorr    .         Rampage  .   (no gloves)
Will     .....                  (no boots)
Stlth    ++........             (no amulet)
HPRegen  0.10/turn              i - +6 ring of dexterity
MPRegen  0.11/turn              (no ring)

@: no status effects
A: AC +4, negative energy resistance 1, electricity resistance, torment
resistance 1, unbreathing 1, petrification resistance
a: Renounce Religion


You were on level 3 of the Dungeon.
You worshipped Sif Muna.
Sif Muna was noncommittal.
You visited 1 branch of the dungeon, and saw 4 of its levels.

You collected 1442 gold pieces.
You spent 374 gold pieces at shops.

Inventory:

Hand Weapons
 a - a +6 mace of holy wrath (weapon)
Missiles
 b - 4 javelins
 d - 28 poisoned darts
 j - 5 silver boomerangs (quivered)
 k - 2 throwing nets {=f!f}
 s - 51 stones
Armour
 c - a +0 robe (worn)
 l - a +0 kite shield (worn)
Jewellery
 i - a +6 ring of dexterity (left hand)
Wands
 t - a wand of digging (7)
Scrolls
 r - a scroll of identify
Potions
 e - a potion of curing {unknown}
 f - 2 potions of flight {unknown}
 h - a potion of haste {unknown}
 M - a potion of mutation {!q}


   Skills:
 * Level 2.9 Maces & Flails
 + Level 2.7 Dodging
 - Level 2.1 Stealth
 * Level 2.4 Shields
 + Level 2.5 Spellcasting
 - Level 0.7 Transmutations
 * Level 5.9 Earth Magic


You had one spell level left.
You knew the following spells:

 Your Spells              Type           Power      Damage    Failure   Level
a - Sandblast             Erth           46%        2d11      8%          1
b - Lee's Rapid Deconstr  Erth           11%        3d9*      90%         5
x - Stone Arrow           Conj/Erth      24%        3d8       58%         3

Your spell library contained the following spells:

 Spells                   Type           Power      Damage    Failure   Level
 Apportation              Tloc           4%         N/A       65%         1
 Corona                   Hex            2%         N/A       65%         1
 Passwall                 Tmut/Erth      11%        N/A       32%         2
 Ensorcelled Hibernation  Hex/Ice        4%         N/A       78%         2
 Petrify                  Tmut/Erth      14%        N/A       91%         4
 Confusing Touch          Hex            2%         N/A       95%         3
 Dazzling Flash           Conj/Hex       4%         N/A       95%         3
 Lesser Beckoning         Tloc           1%         N/A       95%         3
 Tukima's Dance           Hex            2%         N/A       95%         3
 Alistair's Intoxication  Tmut/Pois      2%         N/A       100%        5
 Invisibility             Hex            2%         N/A       100%        6


Dungeon Overview and Level Annotations

Branches:
Dungeon (4/15)
 Temple: D:4-7

Altars:
Dithmenos
Qazlal
Sif Muna
Zin

Shops:
D:3 (

Annotations:
D:3 Edmund


Innate Abilities, Weirdness & Mutations

Your stone body is resilient. (AC +4)
You are immune to poison.
You resist negative energy. (rN+)
You are resistant to electric shocks. (rElec)
You are resistant to unholy torment.
You can survive without breathing.
You are immune to petrification.


Message History

Aiming: Sandblast (safe; 8% risk of failure)
Press: ? - help, Shift-Dir - straight line, f/p - Edmund
Aim: Edmund, wielding a +0 dire flail of protection and wearing a +0 chain mail (lightly wounded, 86% to hit)
The blast of sand hits Edmund but does no damage.
Edmund is lightly wounded.
s - 52 stones Edmund hits you but does no damage.
Casting: Sandblast (safe; 8% risk of failure)
Confirm with . or Enter, or press ? or * to list all spells.
Aiming: Sandblast (safe; 8% risk of failure)
Press: ? - help, Shift-Dir - straight line, f/p - Edmund
Aim: Edmund, wielding a +0 dire flail of protection and wearing a +0 chain mail (lightly wounded, 86% to hit)
The blast of sand hits Edmund but does no damage.
Edmund is lightly wounded.
s - 51 stones Edmund closely misses you.
Press: ? - help, v - describe, . - travel
Here: Edmund, wielding a +0 dire flail of protection and wearing a +0 chain mail The floor.
Edmund asks, "Have you met my wondrous brother?"
Edmund says, "Everyone always remembers my brother. 'Who's Edmund?' they ask!"
Edmund says, "People accused me of being a cutpurse!"
Edmund grinds his teeth, and then sighs.
There is a stone staircase leading up here.
Edmund barely misses you.
You climb upwards.
There is a stone staircase leading down here.
Edmund mutters, "Who needs spells, anyway?"
Casting: Sandblast (safe; 8% risk of failure)
Confirm with . or Enter, or press ? or * to list all spells.
Aiming: Sandblast (safe; 8% risk of failure)
Press: ? - help, Shift-Dir - straight line, f - Edmund
Aim: Edmund, wielding a +0 dire flail of protection and wearing a +0 chain mail (86% to hit)
Okay, then.
You hit Edmund.
Edmund is lightly wounded.
Edmund hits you with a +0 dire flail of protection!
* * * LOW HITPOINT WARNING * * *
Edmund hits you with a +0 dire flail of protection!
You die...

##..##...##[# #..###>###.##
#..# #.##...######## #..#
#.............# #..#
#.##........#.# #..#
#.###.#.###.#.# #..# #.# #.#.#
#.#.###### ###..###.###.#.#
#.........
##...(....@@..#.############
###...#.#########.............
#........####.#...#..##......#
#.#...#.##_≈#<#.####.###....##
#.##.##.##.##.#.# #..###..###
#.##.....#.'....####...######.
#.#####..#.##...........# #..
#.# ####_§#...####....# #..
#.# ####...# #...######.


You could see Edmund.

Vanquished Creatures
  Sigmund (D:3)
  An iguana (D:4)
  A gnoll (D:3)
  5 adders (D:2)
  An ufetubus (D:4)
  2 worms
  5 dart slugs
  6 orcs
  10 ball pythons
  7 endoplasms
  2 giant cockroaches
  4 goblins
  8 hobgoblins
  19 jackals
  5 kobolds
  2 quokkas (D:1)
  5 bats
  3 frilled lizards
  8 rats
95 creatures vanquished.

Notes
Turn   | Place    | Note
-------+----------+-------------------------------------------
     0 | D:1      | wakim the Gargoyle Earth Elementalist began the quest for
                  | the Orb.
     0 | D:1      | Reached XP level 1. HP: 10/10 MP: 3/3
   142 | D:1      | Reached skill level 4 in Earth Magic
   148 | D:1      | Reached XP level 2. HP: 15/15 MP: 0/5
   447 | D:1      | Reached XP level 3. HP: 16/19 MP: 0/6
  1715 | D:1      | Reached skill level 1 in Maces & Flails
  1966 | D:1      | Learned a level 3 spell: Stone Arrow
  1983 | D:1      | Found a faded altar of an unknown god.
  2186 | D:2      | Reached XP level 4. HP: 21/24 MP: 7/7
  2651 | D:2      | Reached skill level 5 in Earth Magic
  2837 | D:2      | Reached XP level 5. HP: 24/28 MP: 8/8
  3677 | D:3      | Noticed Sigmund
  3683 | D:3      | Killed Sigmund
  3684 | D:3      | Reached XP level 6. HP: 32/32 MP: 5/9
  3786 | D:3      | Found Yfutoot's Weapon Boutique.
  3849 | D:3      | Found a shimmering blue altar of Sif Muna.
  4625 | D:3      | Found a glowing silver altar of Zin.
  4625 | D:3      | Found a stormy altar of Qazlal.
  4653 | D:3      | Became a worshipper of Sif Muna the Loreminder
  4660 | D:3      | Learned a level 5 spell: Lee's Rapid Deconstruction
  4853 | D:4      | Noticed a shadow
  4854 | D:4      | Found a shadowy altar of Dithmenos.
  5116 | D:4      | Noticed Edmund
  5178 | D:4      | Identified a scroll of acquirement
  5178 | D:4      | Acquired 1287 gold pieces
  5328 | D:3      | Bought a +6 mace of holy wrath for 374 gold pieces
  5456 | D:3      | Slain by Edmund

Illustrated notes

Levels and vault maps discovered:
D:1:      dpeg_arrival_ternary, layout_basic,
          hellmonk_ecumenical_altar_inner_sanctum, minmay_indecisive_spiral
D:2:      layout_basic
D:3:      layout_loops_ring, lemuel_crystal_altar,
          gammafunk_temple_overflow_elements, serial_shops, shop, minivault_19,
          minmay_between, uniq_sigmund
D:4:      layout_basic, riverfiend_overflow_shadow_ancestor, xom_butterflies,
          uniq_edmund

Skill      XL: |  1  2  3  4  5 |
---------------+----------------+-----
Earth Magic    | 4 5 |  5.9
Dodging        | 2 |  2.7
Maces & Flails | 1 2 |  2.9
Shields        | 2 |  2.4
Stealth        | |  2.1
Spellcasting   | |  2.5
Transmutations | |  0.7

Action                   |  1- 3 |  4- 6 || total
-------------------------+-------+-------++-------
Melee: Whip              |   117 |   189 ||   306
       Mace              |       |     5 ||     5
Throw: Boomerang         |     1 |    23 ||    24
 Cast: Sandblast         |    27 |    24 ||    51
  Use: Scroll            |       |     5 ||     5
 Stab: Sleeping          |     3 |     3 ||     6
       Distracted        |       |     1 ||     1
Armor: Robe              |    48 |    79 ||   127
Dodge: Dodged            |    73 |   103 ||   176
Block: Kite shield       |       |    60 ||    60

Table legend: (Time is in decaauts)
 A = Elapsed time spent in this place.
 B = Non-inter-level travel time spent in this place.
 C = Inter-level travel time spent in this place.
 D = Time resting spent in this place.
 E = Time spent auto-exploring this place.
 F = Levels seen in this place.
 G = Mean time per level.
                   A        B        C        D        E       F      G
               +--------+--------+--------+--------+--------+-----+--------+
         Total |   5513 |   5242 |    271 |    158 |   4078 |   4 | 1378.2 |
       Dungeon |   5513 |   5242 |    271 |    158 |   4078 |   4 | 1378.2 |
               +--------+--------+--------+--------+--------+-----+--------+

Top non-repeatable levels by time:
     D:1: 2143 daAuts
     D:2: 1562 daAuts
     D:3: 1069 daAuts
     D:4: 738 daAuts
